 Dungeon Crawl Stone Soup version 0.30-a0-219-gf2db51d15e (webtiles) character file.

Game seed: 325407507905075778

24631 Essalna the Tortoise (level 12, 0/178 HPs)
             Began as an Armataur Berserker on Oct 6, 2022.
             Was a High Priest of Trog.
             Slain by a seven-headed hydra (6 damage)
             ... on level 4 of the Lair of Beasts.
             The game lasted 00:19:25 (12731 turns).

Essalna the Tortoise (Armataur Berserker)          Turns: 12731, Time: 00:19:26

Health: 0/178      AC: 16    Str: 28    XL:     12   Next: 82%
Magic:  12/12      EV:  9    Int:  8    God:    Trog [*****.]
Gold:   801        SH:  0    Dex:  9    Spells: 11/11 levels left

rFire   . . .      SeeInvis .    H - +8 whip "Snakebite" {venom, curare, rPois}
rCold   + . .      Faith    .    (no shield)
rNeg    . . .      Spirit   .    y - +2 ring mail {rPois}
rPois   +          Reflect  .    (no helmet)
rElec   .          Harm     .    V - scarf {repulsion}
rCorr   .          Roll     +    d - +0 pair of gloves
Will    .....                    (no barding)
Stlth   ..........               K - amulet of the acrobat
HPRegen 0.49/turn                k - +4 ring of protection
MPRegen 0.13/turn                J - ring of protection from cold

@: berserking, repel missiles, very quick
A: large, rugged brown scales 3, deformed body, armoured tail, roll, long
tongue, awkward tongue
a: Renounce Religion, Berserk, Trog's Hand, Brothers in Arms


You were on level 4 of the Lair of Beasts.
You worshipped Trog.
Trog was extremely pleased with you.
You visited 2 branches of the dungeon, and saw 13 of its levels.

You collected 897 gold pieces.
You spent 96 gold pieces at shops.

Inventory:

Hand Weapons
 a - a +0 mace
 n - a +2 whip of venom
 w - a +0 morningstar
 C - a +1 whip of freezing
 H - the +8 whip "Snakebite" (weapon) {venom, curare, rPois}
   (You found it on level 1 of the Lair of Beasts)

   It poisons the flesh of those it strikes.
   It occasionally inflicts asphyxiating poison on those it strikes, dealing
   poison damage and causing slowness.
   rPois:     It protects you from poison.
 L - a +0 whip of electrocution
Missiles
 I - 3 throwing nets (quivered)
Armour
 b - a +0 animal skin
 c - a +0 chain mail
 d - a +0 pair of gloves (worn)
 p - a +2 leather armour of fire resistance
 y - a +2 ring mail of poison resistance (worn)
 Q - a +0 cloak
 S - a +1 cloak of poison resistance
 V - a scarf of repulsion (worn)
Jewellery
 k - a +4 ring of protection (left hand)
 A - a ring of ice
 J - a ring of protection from cold (right hand)
 K - an amulet of the acrobat (around neck)
Wands
 o - a wand of digging (11)
 q - a wand of charming (14)
 x - a wand of roots (11)
 B - a wand of flame (14)
Scrolls
 e - 4 scrolls of teleportation
 l - 9 scrolls of identify {unknown}
 r - 2 scrolls of enchant weapon {unknown}
 t - 3 scrolls of vulnerability {unknown}
 u - 5 scrolls of fear {unknown}
 v - 3 scrolls of amnesia
 D - 3 scrolls of butterflies {unknown}
 F - a scroll of brand weapon {unknown}
 G - 3 scrolls of poison
 N - a scroll of silence {unknown}
 O - 4 scrolls of immolation {unknown}
 T - a scroll of magic mapping
Potions
 f - 3 potions of might {unknown}
 g - a potion of magic {unknown}
 h - a potion of brilliance {unknown}
 i - 3 potions of berserk rage {unknown}
 j - 6 potions of haste {unknown}
 m - 13 potions of curing
 s - a potion of invisibility {unknown}
 z - 4 potions of degeneration {unknown}
 E - a potion of heal wounds
 M - a potion of lignification {unknown}
 P - 2 potions of cancellation {unknown}
 R - a potion of resistance
 U - a potion of mutation {unknown}


   Skills:
 + Level 12.0 Fighting
 + Level 12.0 Maces & Flails
 + Level 15.1 Armour
 - Level 1.3 Dodging


You had 11 spell levels left.
You didn't know any spells.
Your spell library was empty.

Dungeon Overview and Level Annotations

Branches:
Dungeon (9/15)             Temple (0/1) D:6            Lair (4/5) D:9
  Swamp (0/4) Lair:3       Spider (0/4) Lair:2
  Slime: Lair:4-5       Orc: D:9-12

Altars:
Dithmenos
Hepliaklqana
Kikubaaqudgha
Nemelex Xobeh
Trog
The Shining One

Shops:
D:2 !   D:6 !


Innate Abilities, Weirdness & Mutations

You are completely covered in rugged brown scales. (AC +3, +7% HP)
Armour fits poorly on your strangely shaped body.
You have a long armoured tail.
You roll when moving toward enemies. (Rampage)
Your long tongue fully drains potion bottles. (2x potion effects)
Your tongue gives you trouble enunciating. (1.5x scroll delay)


Message History

You tail-slap the seven-headed hydra, but do no damage.
The seven-headed hydra is lightly wounded.
You are engulfed in blazing flames.
You hit the seven-headed hydra.
The seven-headed hydra is moderately wounded.
You are engulfed in blazing flames.
The seven-headed hydra bites you. x2
The seven-headed hydra bites you! The seven-headed hydra bites you. x2
* * * LOW HITPOINT WARNING * * *
The seven-headed hydra bites you but does no damage. x2
You completely miss the seven-headed hydra.
You tail-slap the seven-headed hydra.
The seven-headed hydra is moderately wounded.
You barely miss the seven-headed hydra.
The seven-headed hydra is moderately wounded.
The seven-headed hydra bites you but does no damage.
The seven-headed hydra barely misses you.
The seven-headed hydra bites you.
* * * LOW HITPOINT WARNING * * *
The seven-headed hydra barely misses you.
The seven-headed hydra bites you but does no damage.
The seven-headed hydra bites you!
* * * LOW HITPOINT WARNING * * *
The seven-headed hydra bites you but does no damage.
A red film seems to cover your vision as you go berserk!
You feel yourself moving faster!
You feel mighty!
The seven-headed hydra bites you but does no damage. x2
The seven-headed hydra bites you!
* * * LOW HITPOINT WARNING * * *
The seven-headed hydra bites you but does no damage. x2
The seven-headed hydra closely misses you.
The seven-headed hydra bites you but does no damage.
You whack the seven-headed hydra!
The seven-headed hydra is heavily wounded.
You thrash the seven-headed hydra!!
The seven-headed hydra is severely wounded.
The seven-headed hydra bites you!
* * * LOW HITPOINT WARNING * * *
The seven-headed hydra bites you but does no damage. x2
The seven-headed hydra bites you.
You die...

## ♣.♣♣♣♣♣♣♣#..
♣...PPP♣#.♣
#..P~P♣#.♣
#..PPP♣#.♣
#.#.....♣#.♣ #
.tY...†.♣#.♣♣♣.#
#.♣#.....#
#♣D@..♣..#
#t♣#.....# ...
#.♣♣♣.# .....
#.♣ ♣.# #..PPP
#.♣ ♣.# #..P~P
#.♣ ♣.# ♣...PPP
#.♣♣♣.# .♣♣♣♣♣♣
#.....# #####
##♣.♣##


You could see a seven-headed hydra and a fire crab.

Vanquished Creatures
  2 hydras (Lair:3)
  2 boulder beetles
  A two-headed ogre (D:6)
  2 swamp dragons (Lair:2)
  Pikel (D:5)
  An elephant (D:9)
  Maurice (D:9)
  7 black mambas
  9 cane toads
  4 rime drakes
  5 komodo dragons
  A polar bear (Lair:4)
  A hornet (D:9)
  9 blink frogs
  4 wyverns
  3 basilisks
  2 wraiths (D:9)
  23 yaks
  13 water moccasins
  An acid dragon (D:8)
  An orc warrior (D:9)
  2 ice beasts
  4 black bears
  2 sky beasts
  5 wolves (Lair:3)
  A phantom (D:7)
  2 centaurs
  2 kobold brigands
  17 bullfrogs
  3 gnoll sergeants
  5 scorpions
  5 wights
  3 killer bees (D:9)
  3 howler monkeys (D:9)
  5 hounds
  A jelly (D:6)
  A gnoll bouda (D:9)
  An iguana (Lair:3)
  5 orc wizards
  Ijyb (D:3)
  A hell rat (Lair:4)
  23 gnolls
  9 adders
  2 shadow imps
  3 white imps
  A worm (D:3)
  4 dart slugs
  12 orcs
  7 ball pythons
  An endoplasm (D:2)
  3 giant cockroaches
  6 goblins
  6 hobgoblins
  11 kobolds
  5 quokkas
  4 bats
  6 frilled lizards
  5 rats
270 creatures vanquished.

Vanquished Creatures (others)
  A human (D:8)
  9 fungi
  16 plants
26 creatures vanquished.

Grand Total: 296 creatures vanquished

Notes
Turn   | Place    | Note
-------+----------+-------------------------------------------
     0 | D:1      | Essalna the Armataur Berserker began the quest for the Orb.
     0 | D:1      | Reached XP level 1. HP: 19/19 MP: 1/1
   168 | D:1      | Reached XP level 2. HP: 20/26 MP: 2/2
   304 | D:1      | Reached skill level 3 in Armour
   529 | D:1      | Found a faded altar of an unknown god.
   779 | D:2      | Found Iggess's Distillery.
   901 | D:2      | Reached XP level 3. HP: 33/33 MP: 3/3
  1089 | D:2      | Reached ** piety under Trog
  1590 | D:3      | Noticed Ijyb
  1601 | D:3      | Killed Ijyb
  1602 | D:3      | Reached XP level 4. HP: 40/40 MP: 4/4
  1896 | D:3      | Found a sparkling altar of Nemelex Xobeh.
  2278 | D:4      | Reached skill level 4 in Armour
  2283 | D:4      | Reached XP level 5. HP: 49/49 MP: 5/5
  2742 | D:4      | Found a glowing golden altar of the Shining One.
  2967 | D:4      | Reached XP level 6. HP: 48/55 MP: 6/6
  2982 | D:4      | Reached skill level 5 in Armour
  3131 | D:5      | Entered Level 5 of the Dungeon
  3661 | D:5      | Reached *** piety under Trog
  3690 | D:5      | Reached XP level 7. HP: 61/64 MP: 7/7
  3928 | D:5      | Noticed Pikel
  3946 | D:5      | Killed Pikel
  3947 | D:5      | Reached skill level 5 in Fighting
  3947 | D:5      | Reached skill level 5 in Maces & Flails
  3947 | D:5      | Reached skill level 6 in Armour
  3947 | D:5      | Reached XP level 8. HP: 66/73 MP: 8/8
  4102 | D:6      | Reached skill level 7 in Armour
  4506 | D:6      | Reached skill level 8 in Armour
  4678 | D:6      | Noticed a two-headed ogre
  4702 | D:6      | Killed a two-headed ogre
  4703 | D:6      | Reached XP level 9. HP: 18/84 MP: 9/9
  4710 | D:6      | Reached skill level 9 in Armour
  4974 | D:6      | Found a staircase to the Ecumenical Temple.
  4999 | D:6      | Found Seshuy's Distillery.
  5007 | D:6      | Bought a potion of heal wounds for 60 gold pieces
  5007 | D:6      | Bought a potion of curing for 36 gold pieces
  5112 | D:6      | Found a bloodstained altar of Trog.
  5659 | D:7      | Reached **** piety under Trog
  5677 | D:7      | Found a shadowy altar of Dithmenos.
  5807 | D:7      | Reached skill level 10 in Armour
  6048 | D:8      | Found Durekl Nadgh's Antique Armour Shoppe.
  6240 | D:8      | Found an ancient bone altar of Kikubaaqudgha.
  6327 | D:8      | Reached XP level 10. HP: 59/94 MP: 10/10
  6443 | D:8      | Found a hazy altar of Hepliaklqana.
  6847 | D:9      | Reached skill level 11 in Armour
  7011 | D:9      | Noticed Maurice
  7029 | D:9      | Killed Maurice
  7173 | D:9      | Noticed an elephant
  7187 | D:9      | Reached ***** piety under Trog
  7240 | D:9      | Killed an elephant
  7528 | D:9      | Found a staircase to the Lair.
  7938 | D:9      | Reached XP level 11. HP: 102/103 MP: 11/11
  7976 | D:9      | Reached skill level 12 in Armour
  8120 | Lair:1   | Entered Level 1 of the Lair of Beasts
  9010 | Lair:1   | Found the +8 whip "Snakebite" {venom, curare, rPois}
  9137 | Lair:1   | Reached skill level 10 in Maces & Flails
  9218 | Lair:1   | Reached skill level 10 in Fighting
  9773 | Lair:2   | Found a hole to the Spider Nest.
  9791 | Lair:2   | Reached skill level 13 in Armour
  9834 | Lair:2   | Received a gift from Trog
 10029 | Lair:2   | Identified the +3 scale mail of Orthodoxy {Dex+3}
 10046 | Lair:2   | Noticed a boulder beetle
 10239 | Lair:2   | Killed a boulder beetle
 10374 | Lair:2   | Reached XP level 12. HP: 70/115 MP: 12/12
 10696 | Lair:2   | Found a transporter.
 10865 | Lair:2   | Found a transporter.
 10932 | Lair:2   | Reached skill level 14 in Armour
 11279 | Lair:3   | Noticed a boulder beetle
 11294 | Lair:3   | Killed a boulder beetle
 11616 | Lair:3   | Noticed an eight-headed hydra
 11625 | Lair:3   | Killed an eight-headed hydra
 11657 | Lair:3   | Noticed a four-headed hydra
 11666 | Lair:3   | Killed a four-headed hydra
 11800 | Lair:3   | Found a staircase to the Swamp.
 12684 | Lair:4   | Reached skill level 15 in Armour
 12691 | Lair:4   | Noticed a death yak
 12716 | Lair:4   | Noticed a seven-headed hydra
 12731 | Lair:4   | HP: 6/178 [seven-headed hydra (7)]
 12731 | Lair:4   | Slain by a seven-headed hydra

Illustrated notes

Levels and vault maps discovered:
D:1:      heliophobic_arrival_henge, layout_basic,
          shapermc_ecumenical_altar_venn
D:2:      layout_rooms, serial_shops, nicolae_shop_advertising_works
          [nicolae_subvault_shop_adworks], kennysheep_generic_room_15
D:3:      minmay_inner_zag, layout_loops_ring, nemelex_diamond_rough_becter,
          uniq_ijyb
D:4:      layout_loops_corners, marbit_many_paths
D:5:      layout_basic, uniq_pikel
D:6:      layout_cave_pools, lightli_temple_of_fire,
          minmay_temple_entry_overgrown, serial_shops, shop,
          grunt_decor_one_mirror
D:7:      layout_loops_ring, grunt_dithmenos_shadows
D:8:      layout_rooms, mainiacjoe_overflow_alcove_1, tgw_kikubaaqudgha,
          serial_shops, nicolae_stop_n_shop_1
D:9:      layout_roguey, david_lair_generic, kennysheep_nub,
          amcnicky_mini_rare_corridor_liquid, uniq_maurice
Lair:1:   minmay_guarded_unrand_snakebite, layout_chaotic_city, st_stairs_6,
          beast_lair_carwin_5, lemuel_fruit_tree, grunt_megastairs_5
Lair:2:   gammafunk_cloud_chamber, layout_hall_layers, dummy_spider_entry,
          st_stairs_3
Lair:3:   layout_cave_pods, palyth_hydra_swamp_entry
Lair:4:   nzn_winding_woodlands_stair_trap [nzn_winding_woodlands_5x15_crooked,
          nzn_winding_woodlands_5x15_river_crossing,
          nzn_winding_woodlands_5x15_concentric,
          nzn_winding_woodlands_15x15_five_gardens,
          nzn_winding_woodlands_5x15_pockets,
          nzn_winding_woodlands_5x15_pathside_ponds,
          nzn_winding_woodlands_5x15_lazy_stream], layout_regular_city

Skill      XL: |  1  2  3  4  5  6  7  8  9 10 11 12 |
---------------+-------------------------------------+-----
Maces & Flails | 3 4 5 7 8 9 10 12 | 12.0
Armour         | 3 4 5 6 8 10 11 13 15 | 15.1
Fighting       | 3 4 5 7 8 9 10 12 | 12.0
Dodging        | |  1.3

Action                   |  1- 3 |  4- 6 |  7- 9 | 10-12 || total
-------------------------+-------+-------+-------+-------++-------
Melee: Mace              |   118 |       |       |       ||   118
       Tailslap          |    12 |    22 |    31 |   120 ||   185
       Punch             |     1 |       |     3 |     9 ||    13
       Whip              |    10 |   117 |   295 |   746 ||  1168
Invok: Berserk           |       |     1 |     1 |     2 ||     4
Evoke: Wand              |       |       |     3 |       ||     3
  Use: Scroll            |       |     2 |     1 |     3 ||     6
Armor: Animal skin       |     6 |       |       |       ||     6
       Chain mail        |    65 |       |       |       ||    65
       Leather armour    |       |    24 |       |       ||    24
       Ring mail         |       |    10 |   139 |   271 ||   420
Dodge: Dodged            |    46 |    43 |   143 |   270 ||   502

Table legend: (Time is in decaauts)
 A = Elapsed time spent in this place.
 B = Non-inter-level travel time spent in this place.
 C = Inter-level travel time spent in this place.
 D = Time resting spent in this place.
 E = Time spent auto-exploring this place.
 F = Levels seen in this place.
 G = Mean time per level.
                   A        B        C        D        E       F      G
               +--------+--------+--------+--------+--------+-----+--------+
         Total |  12421 |  12108 |    313 |    318 |   9760 |  13 |  955.5 |
       Dungeon |   7994 |   7768 |    226 |    318 |   6087 |   9 |  888.2 |
          Lair |   4427 |   4340 |     87 |      0 |   3673 |   4 | 1106.8 |
               +--------+--------+--------+--------+--------+-----+--------+

Top non-repeatable levels by time:
  Lair:1: 1578 daAuts
  Lair:2: 1468 daAuts
  Lair:3: 1304 daAuts
     D:9: 1191 daAuts
     D:5: 1053 daAuts
     D:6: 1037 daAuts
     D:4: 967 daAuts
     D:3: 943 daAuts
     D:8: 849 daAuts
     D:1: 787 daAuts
     D:7: 707 daAuts
     D:2: 456 daAuts
  Lair:4: 75 daAuts
